 Dungeon Crawl Stone Soup version 0.21-a0-426-g98080a9 (webtiles) character file.

196 tilp the Magician (level 5, -2/28 HPs)
             Began as a Deep Elf Fire Elementalist on Nov 8, 2017.
             Was a Follower of Vehumet.
             Shot with an arrow by a centaur (12 damage)
             ... on level 4 of the Dungeon.
             The game lasted 00:12:46 (3934 turns).

tilp the Magician (Deep Elf Fire Elementalist)      Turns: 3934, Time: 00:12:47

Health: -2/28      AC:  2    Str:  5    XL:     5   Next: 45%
Magic:  8/14       EV: 13    Int: 21    God:    Vehumet [*.....]
Gold:   163        SH:  0    Dex: 15    Spells: 3/14 levels left

rFire    . . .     SeeInvis .   h - +0 dagger (curse)
rCold    . . .     Gourm    .   (no shield)
rNeg     . . .     Faith    .   a - +0 robe
rPois    .         Spirit   .   (no helmet)
rElec    .         Reflect  .   (no cloak)
rCorr    .         Harm     .   (no gloves)
MR       .....                  (no boots)
Stlth    ++........             (no amulet)
HPRegen  0.09/turn              (no ring)
MPRegen  0.14/turn              (no ring)

@: no status effects
A: no striking features
a: Renounce Religion


You were on level 4 of the Dungeon.
You worshipped Vehumet.
Vehumet was aware of your devotion.
You were not hungry.

You visited 1 branch of the dungeon, and saw 4 of its levels.

You collected 163 gold pieces.

Inventory:

Hand Weapons
 f - a +1 hunting sling of freezing
 h - a cursed +0 dagger (weapon)
Missiles
 d - 96 stones (quivered)
 B - 2 throwing nets
Armour
 a - a +0 robe (worn)
 u - a +0 shield
 v - a +1 scale mail of magic resistance
Wands
 y - a wand of flame (22/48)
Scrolls
 g - a scroll of magic mapping {unknown}
 j - 2 scrolls of noise {unknown}
 n - a scroll of enchant armour {unknown}
 o - 2 scrolls of teleportation {unknown}
 p - a scroll of remove curse {unknown}
 t - 2 scrolls of identify {unknown}
 x - a scroll of enchant weapon {unknown}
Potions
 e - a potion of agility {unknown}
 i - a potion of might {unknown}
 k - 2 potions of brilliance {unknown}
 q - a potion of magic {unknown}
 s - a potion of curing {unknown}
 w - a potion of lignification {unknown}
 z - a potion of resistance {unknown}
 A - a potion of heal wounds {unknown}
Books
 b - a book of Flames

   Spells                             Type                      Level
   a - Flame Tongue                   Conjuration/Fire             1
   b - Throw Flame                    Conjuration/Fire             2
   c - Conjure Flame                  Conjuration/Fire             3
   d - Inner Flame                    Hexes/Fire                   3
   e - Sticky Flame                   Conjuration/Fire             4
   f - Fireball                       Conjuration/Fire             5
Comestibles
 c - 3 bread rations
 l - a royal jelly
 m - 2 meat rations
 r - a chunk of flesh


   Skills:
 - Level 2.4 Dodging
 - Level 2.4 Stealth
 + Level 5.0 Spellcasting
 + Level 3.4 Conjurations
 + Level 4.8 Fire Magic


You had 3 spell levels left.
You knew the following spells:

 Your Spells              Type           Power        Failure   Level  Hunger
a - Flame Tongue          Conj/Fire      ###..        1%          1    None
b - Throw Flame           Conj/Fire      ###...       3%          2    None
c - Conjure Flame         Conj/Fire      ###.....     6%          3    ##.....
d - Sticky Flame          Conj/Fire      ###.....     19%         4    ####...
e - Sting                 Conj/Pois      ##..         5%          1    None


Dungeon Overview and Level Annotations

Branches:
Dungeon (4/15)
 Temple: D:4-7

Altars:
Kikubaaqudgha
Vehumet
Xom


Message History

The puff of flame hits the centaur.
The centaur is moderately wounded.
The centaur shouts!
The centaur wields a shortbow.
The centaur shoots an arrow.
The arrow hits you.
Casting: Throw Flame
Confirm with . or Enter, or press ? or * to list all spells.
Aiming: Throw Flame
Press: ? - help, Shift-Dir - straight line, f/p - centaur
Aim: a centaur, wielding a shortbow (moderately wounded)
The puff of flame hits the centaur.
The centaur is moderately wounded.
The centaur shoots an arrow.
The arrow hits you!
Casting: Throw Flame
Confirm with . or Enter, or press ? or * to list all spells.
Aiming: Throw Flame
Press: ? - help, Shift-Dir - straight line, f/p - centaur
Aim: a centaur, wielding a shortbow (moderately wounded)
The puff of flame misses the centaur.
The centaur shoots an arrow.
The arrow hits you!
You die...

#............#...#
##.##.....
#............#...#
.##.....
#............#...#
.# .....
##############...#
.. .... #...# #.
... #..)#
########...#####
................
........@.......
................
................
................
................
########........
#........
#c.......


You could see a centaur.

Vanquished Creatures
  2 orc wizards (D:3)
  A hound skeleton (D:3)
  2 adders
  An ooze (D:2)
  3 worms (D:2)
  4 dart slugs (D:2)
  5 leopard geckos
  10 orcs (D:3)
  A bat zombie (D:2)
  A giant cockroach (D:3)
  8 hobgoblins
  4 jackals (D:3)
  2 quokkas
  6 bats
  3 frilled lizards
  7 goblins
  10 kobolds
  13 rats
  A rat zombie (D:2)
84 creatures vanquished.

Notes
Turn   | Place    | Note
-------+----------+-------------------------------------------
     0 | D:1      | tilp the Deep Elf Fire Elementalist began the quest for the Orb.
     0 | D:1      | Reached XP level 1. HP: 10/10 MP: 6/6
   340 | D:1      | Reached XP level 2. HP: 15/15 MP: 5/8
   344 | D:1      | Learned a level 2 spell: Throw Flame
  1241 | D:2      | Reached XP level 3. HP: 19/19 MP: 7/10
  1246 | D:2      | Learned a level 3 spell: Conjure Flame
  1497 | D:2      | Found an ancient bone altar of Kikubaaqudgha.
  1515 | D:2      | Found a radiant altar of Vehumet.
  1523 | D:2      | Became a worshipper of Vehumet
  1730 | D:2      | Reached skill level 4 in Spellcasting
  2072 | D:2      | Reached XP level 4. HP: 24/24 MP: 8/12
  2106 | D:2      | Learned a level 4 spell: Sticky Flame
  2721 | D:3      | Reached * piety under Vehumet
  2721 | D:3      | Offered knowledge of Sting by Vehumet.
  2730 | D:3      | Learned a level 1 spell: Sting
  3083 | D:3      | Reached XP level 5. HP: 17/28 MP: 5/14
  3493 | D:3      | Found a shimmering altar of Xom.
  3783 | D:4      | Reached skill level 5 in Spellcasting
  3929 | D:4      | Noticed a centaur
  3934 | D:4      | Shot with an arrow by a centaur

Vault maps used:
D:1:      ncdulo_lavacross, minmay_misc_feat_nine_boxes
D:2:      lemuel_zombie_altar_kikubaaqudgha, vehumet_crystals, serial_forest,
          infiniplex_forest_lined_2, infiniplex_forest_clump_small,
          infiniplex_forest_straight_2, infiniplex_forest_lined_ring,
          infiniplex_forest_clump_medium, infiniplex_forest_clump_medium,
          infiniplex_forest_end_1, minmay_pentomino_w4
D:3:      lemuel_coloured_pillars_altar
D:4:      lemuel_round_altar, temple_hall, first_bread

Skill      XL: |  1  2  3  4  5 |
---------------+----------------+-----
Conjurations   | 2 3 |  3.4
Fire Magic     | 4 |  4.8
Spellcasting   | 4 5 |  5.0
Dodging        | |  2.4
Stealth        | |  2.4

Action                   |  1- 3 |  4- 6 || total
-------------------------+-------+-------++-------
Melee: Dagger            |     8 |     3 ||    11
Throw: Stone             |     4 |       ||     4
 Cast: Flame Tongue      |    63 |    63 ||   126
       Throw Flame       |    13 |    14 ||    27
       Conjure Flame     |     4 |     2 ||     6
       Sticky Flame      |       |     2 ||     2
  Eat: Chunk             |     4 |     6 ||    10
Armor: Robe              |     3 |       ||     3
Dodge: Dodged            |    10 |     8 ||    18

Table legend:
 A = Spawn XP
 B = Non-spawn XP
 C = Spawn XP percentage of total XP
 D = Spawn monster count
 E = Non-spawn monster count
 F = Spawn count percentage of total count
 G = Total turns spent on level
                    A         B        C        D         E        F      G
               +---------+---------+-------+---------+---------+-------+---------
         Total |       0 |     280 |   0.0 |       0 |      84 |   0.0 |  3934
               +---------+---------+-------+---------+---------+-------+---------
           D:1 |       0 |      24 |   0.0 |       0 |      15 |   0.0 |  1033
           D:2 |       0 |      86 |   0.0 |       0 |      31 |   0.0 |  1497
           D:3 |       0 |     152 |   0.0 |       0 |      35 |   0.0 |  1215
           D:4 |       0 |      18 |   0.0 |       0 |       3 |   0.0 |   189
               +---------+---------+-------+---------+---------+-------+---------
